 Dungeon Crawl Stone Soup version 0.29.1-12-g30fa7ad0bf (webtiles) character file.

Game seed: 4091965872496983570

954 GeoRichter the Grappler (level 8, -6/42 HPs)
             Began as a Vine Stalker Fighter on Dec 13, 2022.
             Mangled by a two-headed ogre
             ... wielding a +0 giant club
              (12 damage)
             ... on level 5 of the Dungeon.
             The game lasted 00:09:04 (4795 turns).

GeoRichter the Grappler (Vine Stalker Fighter)      Turns: 4795, Time: 00:09:04

Health: -6/42      AC:  6    Str: 20    XL:     8   Next: 14%
Magic:  0/9        EV: 10    Int:  8    God:
Gold:   161        SH:  5    Dex: 15    Spells: 7/7 levels left

rFire   . . .      SeeInvis .     - Unarmed
rCold   . . .      Faith    .   b - +0 buckler
rNeg    . . .      Spirit   +   h - +1 ring mail {Will+}
rPois   .          Reflect  .   (no helmet)
rElec   .          Harm     .   (no cloak)
rCorr   .          Rampage  .   (no gloves)
Will    ++...                   (no boots)
Stlth   +.........              (no amulet)
HPRegen 0.94/turn               f - ring of wizardry
MPRegen 0.11/turn               (no ring)

@: no status effects
A: fangs 3, regeneration 1, magic shield, antimagic bite, no potion heal 2
a: no special abilities


You were on level 5 of the Dungeon.
You visited 1 branch of the dungeon, and saw 5 of its levels.
You also visited: Sewer.

You collected 161 gold pieces.

Inventory:

Missiles
 k - 7 poisoned darts (quivered)
 n - a throwing net {!f}
Armour
 b - a +0 buckler (worn)
 h - a +1 ring mail of willpower (worn)
   (You found it on level 1 of the Dungeon)
 r - a +0 helmet
   (You found it on level 3 of the Dungeon)
Jewellery
 f - a ring of wizardry (left hand)
   (You found it on level 1 of the Dungeon)
Wands
 u - a wand of polymorph (7)
   (You found it on level 4 of the Dungeon)
Scrolls
 e - 2 scrolls of fear
 j - a scroll of enchant weapon {unknown}
 l - 4 scrolls of teleportation {@r4}
 p - a scroll of enchant armour {unknown}
 y - 3 scrolls of identify {@r1}
 A - a scroll of butterflies {unknown}
Potions
 a - 2 potions of berserk rage
 c - a potion of might
 d - 2 potions of heal wounds {unknown}
 g - 2 potions of curing {unknown}
 i - a potion of brilliance {unknown}
 m - 4 potions of resistance
 o - a potion of lignification {unknown}
 q - a potion of cancellation {unknown}
 s - 3 potions of magic
 t - a potion of degeneration {unknown}
 v - a potion of attraction {unknown}
 w - a potion of invisibility {unknown}
 x - a potion of ambrosia {unknown}
 z - a potion of haste {unknown}


   Skills:
 + Level 3.6 Fighting
 + Level 2.8 Armour
 + Level 1.1 Dodging
 - Level 2.6 Shields
 * Level 8.5 Unarmed Combat


You had 7 spell levels left.
You didn't know any spells.
Your spell library contained the following spells:

 Spells                   Type           Power      Damage    Failure   Level
 Slow                     Hex            0%         N/A       34%         1
 Sting                    Tmut/Pois      0%         1d3       34%         1
 Poisonous Vapours        Pois/Air       0%         N/A       47%         2
 Confusing Touch          Hex            0%         N/A       71%         3
 Vampiric Draining        Necr           0%         2d6       71%         3
 Olgreb's Toxic Radiance  Pois           0%         N/A       97%         4


Dungeon Overview and Level Annotations

Branches:
Dungeon (5/15) Zot: 25592   Sewer (visited)
 Temple: D:4-7

Altars:
Fedhas

Shops:
D:4 [   D:5 (


Innate Abilities, Weirdness & Mutations

You have razor-sharp teeth.
Your natural rate of healing is unusually fast.
When hurt, damage is shared between your health and your magic reserves.
Your bite disrupts and absorbs the magic of your enemies.
Potions cannot restore your health.


Message History

You feel agile.
Your teeth grow very long and razor-sharp.
You open the door.
There is an open door here.
Found a whip.
There is an escape hatch in the ceiling here.
Found a club.
Found Keroosig's Weapon Emporium.
Found a human corpse.
A quokka and a scorpion come into view.
The scorpion moves out of view.
A quokka is nearby!
You block the quokka's attack.
The quokka bites you but does no damage.
You punch the quokka!
You kill the quokka!
No target in view!
No target in view!
There is an entrance to Keroosig's Weapon Emporium here.
A scorpion is nearby!
You barely miss the scorpion.
You bite the scorpion, but do no damage.
The scorpion stings you but does no damage.
You hit the scorpion. You bite the scorpion. You drain its power.
The scorpion stings you.
You punch the scorpion!
You kill the scorpion!
No target in view!
You see here a scorpion corpse.
Found a golden potion.
d - 2 golden potions (gained 1)
You open the door.
There is an open door here.
You open the door.
There is an open door here.
A two-headed ogre comes into view. It is wielding two +0 giant clubs.
The two-headed ogre shouts in stereo!
You block the two-headed ogre's attack. x2
A two-headed ogre is nearby!
You punch the two-headed ogre! You block the two-headed ogre's attack.
The two-headed ogre closely misses you.
You hit the two-headed ogre but do no damage.
You bite the two-headed ogre, but do no damage.
You punch the two-headed ogre! You bite the two-headed ogre.
You drain its power. The two-headed ogre barely misses you.
The two-headed ogre hits you with a +0 giant club!!
You punch the two-headed ogre! Your bite misses the two-headed ogre.
The two-headed ogre hits you with a +0 giant club!!
* * * LOW HITPOINT WARNING * * *
The two-headed ogre hits you with a +0 giant club!
You die...

#####.############....##
#..# #....# ##.# ######
#.# ###.### #.##..#
..##.#
#.#.###############
#@##..)..........#
##O#############.#
.#........##....
.#.######.##.#.. ##.#
#.##.... ########
#.##.#.#
#......###.##....
######.#......#..
#.########..


You could see a two-headed ogre.

Vanquished Creatures
  A black bear (D:4)
  A sky beast (D:4)
  An ogre (D:4)
  A centaur (D:5)
  A phantom (D:5)
  A necrophage (D:4)
  2 scorpions (D:5)
  A howler monkey (D:5)
  An orc priest (D:4)
  An iguana (D:4)
  An orc wizard (D:3)
  11 adders
  2 ufetubi (D:5)
  A dart slug (D:3)
  18 orcs
  10 endoplasms
  6 giant cockroaches
  9 goblins
  8 hobgoblins
  6 jackals
  8 kobolds
  4 quokkas
  12 ball pythons
  3 bats
  6 frilled lizards
  8 rats
124 creatures vanquished.

Notes
Turn   | Place    | Note
-------+----------+-------------------------------------------
     0 | D:1      | GeoRichter the Vine Stalker Fighter began the quest for the
                  | Orb.
     0 | D:1      | Reached XP level 1. HP: 11/11 MP: 2/2
   439 | D:1      | Reached XP level 2. HP: 14/16 MP: 3/3
   868 | D:1      | Reached skill level 3 in Unarmed Combat
   922 | D:1      | Reached XP level 3. HP: 20/20 MP: 4/4
  2174 | D:2      | Gained mutation: Your natural rate of healing is unusually
                  | fast. [Vine Stalker growth]
  2174 | D:2      | Reached XP level 4. HP: 23/24 MP: 5/5
  2183 | D:3      | Found a faded altar of an unknown god.
  2401 | D:3      | Reached skill level 4 in Unarmed Combat
  2551 | D:3      | Reached XP level 5. HP: 28/28 MP: 6/6
  2906 | D:4      | Found Zab Tess's Antique Armour Boutique.
  2910 | D:4      | Found a glowing drain.
  2952 | D:4      | Reached skill level 5 in Unarmed Combat
  2967 | Sewer    | Entered a sewer
  3423 | D:4      | Noticed a sky beast
  3440 | D:4      | Killed a sky beast
  3441 | D:4      | Reached skill level 6 in Unarmed Combat
  3441 | D:4      | Reached XP level 6. HP: 27/32 MP: 4/7
  3594 | D:4      | Noticed a black bear
  3604 | D:4      | Killed a black bear
  3666 | D:4      | Reached skill level 7 in Unarmed Combat
  3666 | D:4      | Reached XP level 7. HP: 36/36 MP: 8/8
  3738 | D:4      | Found a blossoming altar of Fedhas.
  4158 | D:5      | Entered Level 5 of the Dungeon
  4218 | D:5      | Reached skill level 8 in Unarmed Combat
  4468 | D:5      | Reached skill level 1 in Dodging
  4468 | D:5      | Gained mutation: You have razor-sharp teeth. [Vine Stalker
                  | growth]
  4468 | D:5      | Reached XP level 8. HP: 36/40 MP: 7/9
  4694 | D:5      | Found Keroosig's Weapon Emporium.
  4791 | D:5      | Noticed a two-headed ogre
  4795 | D:5      | Mangled by a two-headed ogre

Illustrated notes

Levels and vault maps discovered:
D:1:      arrival_zaba_pyramid, layout_loops_corners
D:2:      layout_basic, minmay_misc_feat_nine_boxes
D:3:      layout_basic, nicolae_ecumenical_pavilion
D:4:      layout_basic, fedhas_altar_1, portal_sewer_entry_a, serial_shops,
          nicolae_stop_n_shop_1, serial_corexii_hall, corexii_hall_statues_x,
          corexii_hall_statues_u
D:5:      layout_basic, marbit_many_paths, serial_shops,
          nicolae_shop_bloodbath_and_beyond, hangedman_decor_slide_cut,
          glass_columns_a, serial_bayou_pond_d

Skill      XL: |  1  2  3  4  5  6  7 |
---------------+----------------------+-----
Fighting       | 3 |  3.6
Unarmed Combat | 3 4 6 7 8 |  8.5
Dodging        | 1 |  1.1
Armour         | |  2.8
Shields        | |  2.6

Action                   |  1- 3 |  4- 6 |  7- 9 || total
-------------------------+-------+-------+-------++-------
Melee: Unarmed           |   101 |   192 |    86 ||   379
       Bite              |    19 |    50 |    22 ||    91
Throw: Dart              |       |     4 |       ||     4
       Throwing net      |       |     1 |       ||     1
Evoke: Wand              |       |     2 |       ||     2
  Use: Potion            |       |     1 |       ||     1
       Scroll            |       |     5 |       ||     5
Armor: Scale mail        |     8 |       |       ||     8
       Ring mail         |    29 |    68 |    27 ||   124
Dodge: Dodged            |    40 |    72 |    34 ||   146
Block: Buckler           |    22 |    32 |    18 ||    72
